 Dungeon Crawl Stone Soup version 0.29.1-15-g9cfb28693d (webtiles) character file.

Game seed: 7241184112901731090

216 DemonSlayer the Digger (level 5, -2/35 HPs)
             Began as a Demonspawn Earth Elementalist on Apr 17, 2023.
             Slain by an orc priest
             ... wielding a +0 flail
              (6 damage)
             ... on level 3 of the Dungeon.
             The game lasted 00:05:43 (3430 turns).

DemonSlayer the Digger (DsEE)                       Turns: 3430, Time: 00:05:44

Health: -2/35      AC:  2    Str:  9    XL:     5   Next: 61%
Magic:  0/10       EV: 12    Int: 16    God:
Gold:   103        SH:  0    Dex: 15    Spells: 2/11 levels left

rFire   + . .      SeeInvis .   q - +1 dagger (drain)
rCold   . . .      Faith    .   (no shield)
rNeg    + . .      Spirit   .   a - +0 robe
rPois   .          Reflect  .   (no helmet)
rElec   .          Harm     .   (no cloak)
rCorr   .          Rampage  .   (no gloves)
Will    .....                   (no boots)
Stlth   ++........              (no amulet)
HPRegen 0.11/turn               g - ring of protection from fire
MPRegen 0.12/turn               l - ring of positive energy

@: brilliant, attractive
A: weakness stinger 1
a: no special abilities


You were on level 3 of the Dungeon.
You visited 1 branch of the dungeon, and saw 3 of its levels.

You collected 103 gold pieces.

Inventory:

Hand Weapons
 q - a +1 dagger of draining (weapon)
Armour
 a - a +0 robe (worn)
Jewellery
 g - a ring of protection from fire (left hand)
 l - a ring of positive energy (right hand)
Scrolls
 b - a scroll of identify {unknown}
 c - 2 scrolls of enchant armour {unknown}
 d - a scroll of magic mapping {unknown}
 e - a scroll of enchant weapon {unknown}
 f - 3 scrolls of fear {unknown}
 h - 2 scrolls of blinking {unknown}
 i - a scroll of amnesia {unknown}
 o - a scroll of teleportation {unknown}
 p - a scroll of vulnerability {unknown}
Potions
 j - a potion of curing {unknown}
 k - a potion of attraction
 n - a potion of degeneration {unknown}
 r - a potion of resistance {unknown}


   Skills:
 + Level 0.1 Fighting
 + Level 2.0 Dodging
 + Level 3.0 Stealth
 + Level 3.5 Spellcasting
 + Level 0.8 Transmutations
 + Level 4.2 Earth Magic


You had 2 spell levels left.
You knew the following spells:

 Your Spells              Type           Power      Damage    Failure   Level
a - Sandblast             Erth           48%        2d12      3%          1
b - Stone Arrow           Conj/Erth      28%        3d8       22%         3
c - Passwall              Tmut/Erth      13%        N/A       10%         2
d - Dazzling Flash        Conj/Hex       8%         N/A       47%         3

Your spell library contained the following spells:

 Spells                   Type           Power      Damage    Failure   Level
 Petrify                  Tmut/Erth      16%        N/A       52%         4
 Iskenderun's Mystic Bla  Conj/Tloc      4%         2d3       87%         4
 Starburst                Conj/Fire      2%         6d3       100%        6


Dungeon Overview and Level Annotations

Branches:
Dungeon (3/15)

Altars:

Shops:
D:1 [


Innate Abilities, Weirdness & Mutations

You have a small tail.


Message History

The blast of sand hits the orc!
You kill the orc!
The blast of sand misses the orc.
The blast of sand hits the orc but does no damage.
The orc hits you with a +0 hand axe. x2
The blast of sand hits the orc!
You kill the orc!
The blast of sand misses the orc.
The blast of sand misses the orc priest.
The blast of sand hits the orc.
The orc is almost dead.
The orc hits you but does no damage. The orc hits you with a +0 dagger.
The blast of sand misses the orc.
The blast of sand hits the orc priest but does no damage.
The orc closely misses you.
The blast of sand hits the orc.
The orc is almost dead.
The orc priest calls upon Beogh to heal the orc.
The orc's wounds heal themselves!
The orc misses you. The orc barely misses you.
The blast of sand hits the orc!
You kill the orc!
The blast of sand hits the orc priest but does no damage.
The orc priest misses you. The orc closely misses you.
The orc priest closely misses you.
The blast of sand hits the orc priest but does no damage.
The orc closely misses you.
The orc priest invokes the aid of Beogh against you.
Beogh smites you!
* * * LOW HITPOINT WARNING * * *
It was a potion of attraction.
You feel attractive to monsters.
The orc priest hits you with a +0 flail.
* * * LOW HITPOINT WARNING * * *
The orc hits you from afar with a +0 trident.
* * * LOW HITPOINT WARNING * * *
It was a potion of brilliance.
You feel clever all of a sudden.
The orc priest hits you with a +0 flail.
You die...

#.#######.#........)..# #.# #.
#.......).#.#########.###.# #.
########.<#.########...##.#####.
#......................#.
#.##.....####...######.#.
#.##.##### ##.## #.#. #)##.# #.#
#>## #.##.#########.# #.##
#.##..oo@......# #.##
#.##.#########.# #... #.##.# #.#
###. #.##o## #.##### #. #.##..#
#.....# #. #.###'# #####.# #.
#.oo# #.# #. #o8o8$### #.# #.
#$$[.$#.# ####.#####.


You could see an orc priest and an orc.

Vanquished Creatures
  A jelly (D:3)
  Natasha (thrice) (D:2)
  3 adders
  2 worms
  6 orcs (D:3)
  9 ball pythons
  5 endoplasms
  4 giant cockroaches
  10 goblins
  6 hobgoblins
  2 jackals (D:1)
  4 kobolds
  4 quokkas
  3 bats (D:3)
  4 frilled lizards
  4 rats
70 creatures vanquished.

Notes
Turn   | Place    | Note
-------+----------+-------------------------------------------
     0 | D:1      | DemonSlayer the Demonspawn Earth Elementalist began the
                  | quest for the Orb.
     0 | D:1      | Reached XP level 1. HP: 13/13 MP: 3/3
   124 | D:1      | Reached skill level 3 in Earth Magic
   213 | D:1      | Gained mutation: You have a small tail. [demonic ancestry]
   213 | D:1      | Reached XP level 2. HP: 19/19 MP: 3/5
   237 | D:1      | Found Ugei's Armour Emporium.
   433 | D:1      | Found a faded altar of an unknown god.
   697 | D:1      | Reached XP level 3. HP: 14/24 MP: 2/6
  1436 | D:2      | Noticed Natasha
  1444 | D:2      | Killed Natasha
  1445 | D:2      | Reached XP level 4. HP: 24/30 MP: 1/8
  1810 | D:2      | Noticed Natasha
  1827 | D:2      | Killed Natasha
  2149 | D:2      | Noticed Natasha
  2153 | D:2      | Killed Natasha
  2154 | D:2      | Reached skill level 4 in Earth Magic
  2192 | D:2      | Learned a level 3 spell: Stone Arrow
  2195 | D:2      | Learned a level 2 spell: Passwall
  2199 | D:2      | Learned a level 3 spell: Dazzling Flash
  2461 | D:1      | Reached XP level 5. HP: 35/35 MP: 7/9
  3430 | D:3      | Slain by an orc priest

Illustrated notes

Levels and vault maps discovered:
D:1:      giann_wishing_wells, layout_basic,
          hellmonk_ecumenical_altar_inner_sanctum, serial_shops,
          nicolae_shop_crystal, nrook_mini_vaults, minmay_tall_x
D:2:      layout_basic, uniq_natasha
D:3:      layout_loops_ring, chequers_serial_rivers_micro_c,
          kennysheep_orc_chapel

Skill      XL: |  1  2  3  4  5 |
---------------+----------------+-----
Earth Magic    | 3 4 |  4.2
Stealth        | 2 3 |  3.0
Dodging        | 2 |  2.0
Spellcasting   | 3 |  3.5
Fighting       | |  0.1
Transmutations | |  0.8

Action                   |  1- 3 |  4- 6 || total
-------------------------+-------+-------++-------
Melee: Unarmed           |     4 |       ||     4
       Dagger            |     3 |    22 ||    25
       Tailslap          |     1 |     1 ||     2
 Cast: Sandblast         |    53 |    50 ||   103
  Use: Potion            |     1 |     2 ||     3
 Stab: Sleeping          |     1 |    11 ||    12
Armor: Robe              |     7 |    10 ||    17
Dodge: Dodged            |    36 |    37 ||    73
